AoeStats
← Patreckdelira

Migration

505374969Analyzed
1v1 RM · 25d ago on Sep 9, 2026· 33m 24s· 2 players
Game mode
Random Map
Map size
132×132
Population
200
Speed
Normal
Resources
Standard
Victory
Conquest
Starting age
Dark Age
Ending age
Imperial Age
RankedLock teamsTeams togetherTeam positionsShared explorationLock speedFull tech treeHidden civsTurbo modeCheats
Victory
Defeat
🇨🇴 Vikings · Colombia
1233
+15
🇲🇽 Celts · Mexico
1219
-15
Patreckdelira
6:22 Loom
10:02 Feudal Age
10:47 Double-Bit Axe
12:08 Horse Collar
19:47 Castle Age
20:57 Medium Warships
21:51 Bow Saw
21:44 Fletching
26:40 Scale Mail Armor
33:43 Imperial Age
32:46 Forging
VikingBlood87
7:02 Loom
11:30 Feudal Age
16:10 Fletching
18:55 Castle Age
17:31 Forging
18:19 Double-Bit Axe
19:56 Medium Warships
20:43 Bodkin Arrow
21:23 Man-at-Arms
24:25 Scale Mail Armor
24:53 Gambesons
25:08 Long Swordsman
27:09 Clinker Construction
28:46 Iron Casting
30:55 Chain Mail Armor
32:30 Squires
32:15 Arson
Connection lost

Rejoining the realm…

Still unreachable

The connection could not be restored.

Session expired

The server has moved on; the page needs a fresh start.